[Event "Krakow Championship-A 2022"]
[Site "Krakow"]
[Date "2022.07.02"]
[Round "9.2"]
[White "Nguyen, Piotr"]
[Black "Leniart, Arkadiusz"]
[Result "0-1"]
[ECO "A06"]
[WhiteElo "2402"]
[BlackElo "2473"]
[Annotator "TA"]
[PlyCount "82"]
[EventDate "2022.06.25"]
[EventType "swiss"]
[EventCountry "POL"]
[SourceTitle "playchess.com"]
[Source "ChessBase"]
[SourceQuality "1"]
[TimeControl "40/5400+30:1800+30"]

1. Nf3 d5 2. g3 Bg4 3. Bg2 Nd7 4. c4 e6 5. d4 c6 6. h3 {[%emt 0:00:23] A07: Réti Opening: New York and Capablanca Systems.} Bxf3 7. Bxf3 {[%emt 0:00:05] [#]} dxc4 $146 ({Predecessor:} 7... Ngf6 8. O-O Be7 9. Qb3 Qb6 10. Rd1 O-O 11. Nc3 Qa6 12. cxd5 exd5 13. Bf4 Rfe8 {0-1 (94) Zimina,O (2395)-Osmak,I (2348) Riga 2017}) 8. O-O {[%emt 0:03:46] The position is equal.} Ngf6 9. Nd2 {[%emt 0:02:40][%mdl 1024] White has compensation.} Nb6 10. e3 Nfd5 11. Qc2 (11. Qe2 $5 ) 11... Nb4 {[%emt 0:02:14] Pair of Knights!} 12. Qb1 h5 13. a3 Nd3 14. b3 $1 {[%emt 0:00:13][%cal Bb2b3,Bb3b4,Bb4b5,Bb5c6,Bc6c7][%mdl 96] Deflection} (14. Nxc4 Nxc4 15. Qxd3 Ne5 $11) 14... c3 15. Qxd3 cxd2 16. Bxd2 h4 17. g4 Bd6 18. b4 Bc7 (18... a6 $14) 19. b5 $1 $16 (19. e4 $6 Qd7 $14) 19... Qd6 20. Rfc1 Nd5 21. bxc6 b6 22. Kf1 Rd8 23. Qa6 O-O 24. Bxd5 $2 (24. Qxa7 Ra8 25. Qb7 Rfb8 $17) (24. Bb4 $18 Nxb4 25. axb4) 24... Qxd5 $11 25. Qxa7 ({White should try} 25. Ke2 $11) 25... Bg3 $2 26. c7 $1 $18 (26. fxg3 $2 Qf3+ 27. Kg1 hxg3 $19) 26... Rc8 {[%emt 0:06:33][%cal Of7f5] aiming for ...f5!} 27. Qxb6 (27. fxg3 Qf3+ 28. Kg1 hxg3 $19) (27. Ke2 $6 Qg2 $16) 27... Rxc7 {[%emt 0:03:28][%cal Od5f3] [#] Hoping for ...Qf3!} 28. Ke2 {[%emt 0:00:19] Against Qf3+} ({And not} 28. Rxc7 Bxc7 29. Qxc7 Qh1+ 30. Ke2 Qxa1 $11) (28. fxg3 $2 Qf3+ 29. Kg1 {[#]} hxg3 $1 $19) (28. Kg1 $1 $18 Qf3 29. Be1 Rxc1 30. Rxc1) 28... Rxc1 $11 29. Rxc1 (29. Bxc1 $2 {loses.} Qg2 30. Bd2 Rb8 $19) 29... Qg2 30. Be1 Qxh3 31. fxg3 {[%emt 0:01:00] Strongly threatening Bb4.} Qg2+ 32. Kd3 Qf1+ 33. Ke4 $2 ({Wrong is} 33. Kd2 $2 h3 34. Kc2 h2 $19) (33. Kc2 $11 Rc8+ 34. Kd2 Qg2+ 35. Kd1 Qf3+ 36. Kd2 Qg2+ 37. Kd1 Qf3+ 38. Kd2 Qg2+) 33... h3 $19 {[%emt 0:03:29] Black is clearly winning.} 34. Bd2 {[%emt 0:03:56] [#]} Qxc1 {[%emt 0:00:29][%mdl 576] Promotion} 35. Bxc1 h2 36. Kd3 h1=Q {[%emt 0:00:07] Prevents Qb7.} 37. Qc7 Qf1+ 38. Kd2 Qa6 {[%emt 0:00:14] ...Rc8 is the strong threat.} 39. Bb2 Rc8 40. Qe5 Qc4 {[%emt 0:00:37] ( -> ...Qc2+)} 41. Qe4 {[%emt 0:05:45] Prevents Qc2+.} Qb3 {[%emt 0:00:35] Black used his chance.  Weighted Error Value: White=0.52/Black=0.18 (very precise)} 0-1

[Event "Krakow Championship-A 2022"]
[Site "Krakow"]
[Date "2022.07.02"]
[Round "9.3"]
[White "Zwardon, Vojtech"]
[Black "Klimkowski, Jan"]
[Result "1/2-1/2"]
[ECO "A16"]
[WhiteElo "2482"]
[BlackElo "2401"]
[Annotator "TA"]
[PlyCount "78"]
[EventDate "2022.06.25"]
[EventType "swiss"]
[EventCountry "POL"]
[SourceTitle "playchess.com"]
[Source "ChessBase"]
[SourceQuality "1"]
[TimeControl "40/5400+30:1800+30"]

1. c4 Nf6 2. Nc3 g6 3. g3 Bg7 4. Bg2 d6 5. d3 O-O 6. Bg5 h6 7. Bd2 {[%emt 0:00:03] A16: English Opening: 1...Nf6 with ...d5.} e5 8. Qc1 Kh7 9. h4 {[%emt 0:00:02][%cal Oh4h5] The position is equal.} Nc6 10. Rb1 a5 {[%emt 0:02:03] [#]} 11. a3 $146 ({Predecessor:} 11. Nh3 Nh5 12. Nd5 f5 13. Bc3 Rf7 14. Qd2 Be6 15. e3 Qd7 16. Ng1 f4 17. gxf4 exf4 18. Bxg7 fxe3 19. fxe3 Rxg7 {0-1 (42) Dinh,D (2363)-Nguyen,S (2037) Ho Chi Minh City 2012}) 11... Be6 12. b4 axb4 13. axb4 Qc8 (13... d5 $15) 14. Nd5 (14. b5 $5 Ne7 15. Qc2 $11) 14... Bxd5 15. cxd5 Ne7 16. Qc4 Qd7 17. b5 Nc8 18. Bh3 {[%emt 0:04:19] A strong pair of Bishops.} Qe7 19. e4 Nb6 20. Qc2 Na4 21. Be3 b6 22. Nf3 Nc5 23. Nd2 Nfd7 24. h5 Ra7 25. Nc4 Rfa8 26. Ke2 g5 ({Black should play} 26... Nf6 $11) 27. Rhd1 Kg8 28. Bf5 Nf6 29. g4 Ne8 30. Qc3 Na4 31. Qe1 Nc5 32. Ra1 Qd8 33. Rxa7 Rxa7 34. Kf3 (34. Ra1 $5 Qa8 35. Rxa7 Qxa7 36. Qd2 $14) 34... Bf6 35. Qc3 Ra8 36. Bxc5 dxc5 37. Ra1 (37. Nxe5 $2 Nd6 38. Qb2 Nxf5 39. gxf5 Qd6 $19) 37... Rxa1 38. Qxa1 Nd6 39. Qa6 ({Not} 39. Nxe5 Nxf5 40. gxf5 Qd6 41. Qa8+ Kg7 42. Nxf7 (42. d4 $2 cxd4 43. Nd3 Qh2 $19) 42... Kxf7 $19) 39... Nxc4 {[%emt 0:00:35] Weighted Error Value: White=0.08 (flawless) /Black=0.11 (very precise)} (39... Be7 $11) 1/2-1/2

[Event "Krakow Championship-A 2022"]
[Site "Krakow"]
[Date "2022.07.02"]
[Round "9.4"]
[White "Pechac, Jergus"]
[Black "Skytte, Rasmus"]
[Result "1-0"]
[ECO "D31"]
[WhiteElo "2597"]
[BlackElo "2357"]
[Annotator "TA"]
[PlyCount "45"]
[EventDate "2022.06.25"]
[EventType "swiss"]
[EventCountry "POL"]
[SourceTitle "playchess.com"]
[Source "ChessBase"]
[SourceQuality "1"]
[TimeControl "40/5400+30:1800+30"]

1. c4 e6 2. Nc3 d5 3. d4 a6 4. cxd5 exd5 5. Qb3 Nf6 6. Bg5 {[%emt 0:00:11] D31: Queen's Gambit Declined: Semi-Slav without ...Nf6 (+ Marshall Gambit and Noteboom) and Exchange Variation lines without ...Nf6.} c6 7. e4 {[%emt 0:00:08] [#]} h6 $146 ({Reject} 7... dxe4 8. O-O-O $11) ({Predecessor:} 7... dxe4 8. Bc4 Qe7 9. a4 h6 10. Bh4 g5 11. Bg3 Bg7 12. h4 O-O 13. hxg5 hxg5 {1-0 (44) Dreev,A (2623)-Deac,B (2679) Chess.com INT 2022}) 8. Bxf6 {[%emt 0:02:07] White is slightly better.} Qxf6 9. exd5 Bd6 10. Nf3 O-O 11. Be2 Qg6 12. O-O cxd5 13. Nxd5 {[%emt 0:01:01][%cal Bc3d5,Bd5b6,Bb6c4][%mdl 32] Black must now prevent Ne5.} Nc6 {[%emt 0:03:16] [#] Against Ne5. And now ...Qh5 would win.} 14. Nb6 {[%emt 0:02:07] Pair of Knights!} Qh5 {[%emt 0:11:35] aiming for ...Nxd4.} 15. Rfd1 (15. Nxa8 $2 {is the wrong capture.} Nxd4 16. Rfd1 Nxb3 17. axb3 {[#]} Bxh2+ $1 18. Nxh2 Qxe2 $19) 15... Rb8 16. h3 Bf5 17. d5 $36 {[%emt 0:05:28][%cal Bd4d5,Bd5d6][%mdl 2080] White is really pushing.} Ne7 18. Nc4 Bc5 {[%emt 0:01:47][%mdl 8192] Loses the game.} (18... Qg6 $16 {is more resistant.}) 19. d6 $18 Ng6 20. Rd5 Nf4 {[%emt 0:01:48] Prevents Bd3.} 21. Rxc5 {[%emt 0:00:11] The board is on fire.} Nxe2+ 22. Kh2 Rbc8 (22... b6 $142) 23. g4 {[%emt 0:00:51] Weighted Error Value: White=0.01 (flawless) /Black=0.42} 1-0

[Event "Krakow Championship-A 2022"]
[Site "Krakow"]
[Date "2022.07.02"]
[Round "9.5"]
[White "Danielyan, Vahe"]
[Black "Rozentalis, Eduardas"]
[Result "1-0"]
[ECO "B13"]
[WhiteElo "2324"]
[BlackElo "2523"]
[Annotator "TA"]
[PlyCount "133"]
[EventDate "2022.06.25"]
[EventType "swiss"]
[EventCountry "POL"]
[SourceTitle "playchess.com"]
[Source "ChessBase"]
[SourceQuality "1"]
[TimeControl "40/5400+30:1800+30"]

1. e4 c6 2. d4 d5 3. exd5 cxd5 4. Bd3 Nc6 5. c3 Nf6 6. Bf4 g6 7. Nf3 Bg7 8. O-O O-O 9. Nbd2 Bf5 {[%emt 0:01:04] is recently more successful than 9...Nh5.} 10. Bxf5 gxf5 11. Ne5 e6 {[%emt 0:05:19] B13: Caro-Kann: Exchange Variation and Panov-Botvinnik Attack.} 12. Nxc6 bxc6 {[%emt 0:00:17] [#]} 13. a4 $146 ({Predecessor:} 13. Nb3 Ne4 14. f3 Nd6 15. g4 fxg4 16. fxg4 Ne4 17. Nd2 f5 18. gxf5 exf5 19. Nf3 {0-1 (31) Fedoseev,V (2674)-Sevian,S (2660) Chess.com INT 2020}) 13... Qe7 {[%emt 0:04:27] White is slightly better.} 14. Nb3 {[%emt 0:02:42] Against c5} Ne4 15. a5 Kh8 16. a6 Rg8 17. f3 (17. Qh5 $5 ) 17... Nf6 18. Bg5 Qc7 19. Nc5 Nd7 20. b4 Nb6 21. f4 f6 22. Bh4 (22. Nxe6 Qf7 23. Re1 (23. Nxg7 $2 Qxg7 24. Qh5 fxg5 $19) 23... fxg5 24. Nxg5 Qg6 $17) 22... Qf7 {[%emt 0:00:09] Inhibits Qh5.} 23. Ra2 Nc4 24. Re2 {[%emt 0:00:05] Inhibits Ne3.} (24. Re1 $5 ) 24... Rae8 25. Bg3 (25. Rfe1 $5 e5 26. Qa4 $11) 25... Nd6 $1 26. Qa4 Nb5 (26... Rc8 $1 $11) 27. Rf3 $14 Bf8 28. Nb7 Qd7 29. Rfe3 Bd6 30. Qd1 Rg4 31. Qe1 Nc7 32. h3 Rg6 33. Bh2 ({Of course not} 33. Nxd6 Qxd6 34. Kh1 Reg8 $11) 33... Reg8 34. Kh1 Bf8 35. g4 (35. Qa1 $14) 35... fxg4 $15 36. f5 (36. Nc5 $1 $15 Bxc5 37. bxc5) 36... exf5 $17 37. Nc5 (37. Bg3 $17 Qc8 38. h4) 37... Bxc5 $2 (37... Qg7 $19 38. Rg2 Bxc5 39. bxc5 gxh3 40. Rxg6 Qxg6) 38. bxc5 $11 g3 (38... Nxa6 39. Re7 Qd8 40. Qh4 $18) 39. Bxg3 f4 ({Don't do} 39... Nxa6 40. Re7 Qxe7 41. Rxe7 Rxg3 42. Qf1 $18) 40. Bxf4 {[%emt 0:00:59] Active counter play!} Qg7 (40... Ne8 $1 $11) 41. Bh2 ({White should try} 41. Qf2 $1 Nb5 42. Kh2) 41... Nb5 (41... Rg2 $16) 42. Qf1 $18 Qh6 (42... Rf8 $16 43. Re7 Qh6) 43. Rf3 $1 Na3 44. Ref2 Nc4 45. Rxf6 Rxf6 46. Rxf6 Qe3 47. Rf3 Qe4 48. Qd3 Qxd3 49. Rxd3 {[%emt 0:00:00][%mdl 4096] Endgame aiming for Rf3. KRB-KRN} Rf8 {[%emt 0:00:04] Against Rf3} 50. Kg2 {[%emt 0:00:00] Inhibits Rf1.} Kg7 $2 (50... Re8) 51. Rg3+ Kh6 52. Rf3 Rg8+ 53. Kf2 Na3 54. Rf6+ Rg6 55. Rd6 {[%emt 0:00:00] And now Bf4+ would win.} Nb5 56. Bf4+ Kh5 57. Rd7 h6 58. Rb7 Kh4 59. Rh7 h5 60. Bb8 (60. Kf3 $142 $1) 60... Rg8 (60... Kxh3 $16 61. Bxa7 (61. Rxh5+ Kg4 $16) 61... Rg3) 61. Bxa7 {[%emt 0:00:28] Threatens to win with Bb6.} Rf8+ {[%emt 0:02:08] [#]} 62. Kg2 $1 Nxc3 $2 (62... Rg8+ $16 {is tougher.} 63. Kh2 Rf8) 63. Bb6 {[%emt 0:01:30] Hoping for Rd7. White is clearly winning.} Nd1 {[%emt 0:01:00] [#]} 64. Re7 $1 {[%emt 0:01:29] Against Ne3+} Rf2+ 65. Kg1 {[%emt 0:00:04] Re8 is the strong threat.} Ra2 (65... Rf8 $142 66. a7 Nc3) 66. a7 Nf2 67. Re8 {[%emt 0:00:53] Never resign too early!  Weighted Error Value: White=0.18 (very precise) /Black=0.26 (precise)} 1-0

[Event "Krakow Championship-A 2022"]
[Site "Krakow"]
[Date "2022.07.02"]
[Round "9.6"]
[White "Holtel, Jasper"]
[Black "Romanishin, Oleg M"]
[Result "1/2-1/2"]
[ECO "A05"]
[WhiteElo "2347"]
[BlackElo "2400"]
[Annotator "TA"]
[PlyCount "43"]
[EventDate "2022.06.25"]
[EventType "swiss"]
[EventCountry "POL"]
[SourceTitle "playchess.com"]
[Source "ChessBase"]
[SourceQuality "1"]
[TimeControl "40/5400+30:1800+30"]

1. Nf3 Nf6 2. g3 d5 3. Bg2 g6 4. d4 Bg7 5. c4 dxc4 6. Na3 O-O 7. O-O Nc6 8. Nxc4 Be6 9. b3 Bd5 10. Bb2 a5 11. Rc1 a4 12. bxa4 Ra6 13. a3 Qa8 {[%emt 0:01:42] [#]} {Predecessor:} 14. Ne3 $146 {D77: Fianchetto Grünfeld: 6 0-0: Replies other than 6...c6.} Be4 15. d5 Rd8 16. Bxf6 Bxf6 17. Nd2 Bxg2 18. Kxg2 Ne5 19. Rxc7 Rxa4 20. Qb3 Rxa3 21. Qxb7 Qxb7 22. Rxb7 {½-½ (43) Huzman,A (2552)-Dvoirys,S (2552) Jerusalem 2017} 1/2-1/2

[Event "Krakow Championship-A 2022"]
[Site "Krakow"]
[Date "2022.07.02"]
[Round "9.7"]
[White "Rudolf, Michal"]
[Black "Turski, Bartlomiej"]
[Result "0-1"]
[ECO "B30"]
[WhiteElo "2361"]
[BlackElo "2192"]
[Annotator "TA"]
[PlyCount "92"]
[EventDate "2022.06.25"]
[EventType "swiss"]
[EventCountry "POL"]
[SourceTitle "playchess.com"]
[Source "ChessBase"]
[SourceQuality "1"]
[TimeControl "40/5400+30:1800+30"]

1. e4 c5 2. Nf3 Nc6 3. Bb5 e6 4. O-O Nge7 5. Re1 a6 6. Bxc6 Nxc6 7. d4 cxd4 8. Nxd4 Qc7 9. Nxc6 {[%emt 0:00:15] B30: Sicilian: 2...Nc6 3 Bb5, lines without ...g6.} bxc6 10. e5 d5 11. c4 {[%emt 0:00:50] The position is equal.} Bc5 {[%emt 0:06:27] [#]} 12. Qg4 $146 ({Predecessor:} 12. Be3 Bxe3 13. Rxe3 O-O 14. Qh5 f6 15. Nd2 fxe5 16. Qxe5 Qxe5 17. Rxe5 Rb8 18. b3 {1-0 (57) Efimenko,Z (2638)-Moiseenko,A (2643) Kharkov 2008}) 12... O-O 13. Bg5 $1 {[%emt 0:00:11] Prevents f6.} Kh8 $1 14. Qh4 Rb8 15. b3 f6 16. exf6 {[%emt 0:02:13] [#] Bf4 is the strong threat.} Qf7 17. Bf4 Qxf6 18. Qxf6 Rxf6 19. Bg3 ({But not} 19. Bxb8 Bxf2+ 20. Kf1 Bd4+ 21. Ke2 Bxa1 $15) 19... Bd4 20. Nc3 Rb7 21. Rac1 Rbf7 22. Nd1 Bd7 23. Rc2 (23. Ne3 $14) 23... h6 (23... dxc4 $11 24. b4 e5) 24. Be5 $14 Bxe5 25. Rxe5 Rf5 26. Rxf5 Rxf5 {[%emt 0:01:00][%mdl 4096] Endgame KRB-KRN} 27. Ne3 Re5 28. Rd2 (28. Kf1 $14) 28... Kg8 29. Kf1 Kf7 30. c5 Re4 {[%emt 0:02:19] Inhibits Rd4.} 31. Rd3 Rb4 32. Nc2 (32. Nc4 $11) 32... Rb5 $1 $15 33. Rc3 (33. b4 $15) 33... e5 $17 34. a4 Rb8 35. Ke2 {[%emt 0:01:02] This move loses the game for White.} (35. Rf3+ $17 {is a better defense.} Ke6 36. Rg3) 35... d4 36. Rf3+ Ke7 {[%emt 0:00:47] [#] Strongly threatening ...Bg4.} 37. Rg3 {[%emt 0:00:27] Inhibits Bg4+.} g5 38. Kd2 Be6 39. b4 Bf5 40. Rb3 Ke6 41. Na3 Kd5 {[%emt 0:31:32] Prevents Nc4.} 42. Rf3 (42. a5 $142) 42... Be4 $19 {[%emt 0:03:22] Black is clearly winning.} 43. Rf6 Rxb4 {[%emt 0:00:41] White must now prevent ...Rb2+.} 44. f3 Bh7 ({Stronger than} 44... Rb2+ 45. Kc1 Rxg2 46. fxe4+ Kxe4 47. Rxc6 $11) 45. Rxh6 Rxa4 46. Rxh7 Rxa3 {[%emt 0:00:04] Weighted Error Value: White=0.29 (precise) /Black=0.08 (flawless)} 0-1

[Event "Krakow Championship-A 2022"]
[Site "Krakow"]
[Date "2022.07.02"]
[Round "9.8"]
[White "Seemann, Jakub"]
[Black "Jacobsen, Mikkel Manosri"]
[Result "1-0"]
[ECO "D30"]
[WhiteElo "2363"]
[BlackElo "2251"]
[Annotator "TA"]
[PlyCount "65"]
[EventDate "2022.06.25"]
[EventType "swiss"]
[EventCountry "POL"]
[SourceTitle "playchess.com"]
[Source "ChessBase"]
[SourceQuality "1"]
[TimeControl "40/5400+30:1800+30"]

1. d4 d5 2. c4 e6 3. Nf3 Nf6 4. g3 Bb4+ 5. Bd2 Be7 6. Bg2 O-O 7. O-O Nbd7 8. Qc2 c6 9. Bf4 $1 {[%emt 0:00:07] 9.Bf4 is better than 9.Rd1.} Ne4 10. h4 {[%emt 0:00:06] E08: Closed Catalan: Main Line: 7 Qc2.} h6 11. Nc3 g5 {[%emt 0:00:13] [#]} 12. Bc1 $146 {[%emt 0:00:05] White has an edge.} (12. Nxe4 dxe4 13. Nxg5 hxg5 $17) ({Predecessor:} 12. hxg5 hxg5 13. Be3 Nd6 14. cxd5 exd5 15. Rad1 Nb6 16. b3 Bf5 17. Qc1 f6 18. Nh2 {0-1 (64) Lenderman,A (2638)-Ipatov,A (2631) Charlotte 2019}) 12... f5 13. g4 Nb6 (13... fxg4 14. Nd2 $16) 14. cxd5 exd5 15. Ne5 Bd6 16. hxg5 (16. gxf5 $14 {feels stronger.} Nxc3 17. Qxc3) 16... Nxg5 $11 17. a4 Be6 (17... Bxe5 18. dxe5 Nc4 19. f4 $16) (17... Ne6 $11 {keeps the balance.} 18. e3 (18. Bxh6 $2 Nxd4 19. Qd1 Bxe5 $19) 18... Qh4) 18. f4 $16 Ne4 19. a5 Nd7 20. gxf5 (20. a6 {looks sharper.} b5 21. Nxe4 dxe4 22. Rf2) 20... Bxf5 {[%emt 0:02:14] [#] ...Qh4 is the strong threat.} 21. Nxe4 dxe4 22. Bxe4 (22. a6 $1 $14 b6 23. Bxe4) 22... Nxe5 $4 (22... Kh8 $1 $11 {and Black stays safe.} 23. Bxf5 Bxe5) 23. dxe5 $2 (23. Bxf5 Kh8 24. dxe5 Qh4 $16) (23. fxe5 $18 Bxe4 24. Qxe4 Rxf1+ 25. Kxf1 Qf8+ 26. Bf4) 23... Qh4 $14 {[%cal Og8h8] Strongly threatening ...Kh8!} 24. Bxf5 {[%emt 0:00:41] Dancing on a razor blade.} Kh8 $1 {[%emt 0:02:13][%cal Of8f5] [#] ( -> ...Rxf5!)} 25. Kg2 (25. Be4 $5 Bb4 26. Bg2 $14) 25... Bc5 $2 26. Kf3 $18 ({Not} 26. Be6 Rg8+ 27. Kf3 (27. Bxg8 {gets mated.} Qg4+ 28. Kh2 Qh5+ 29. Kg3 Rxg8+) 27... Rg1 28. Rxg1 (28. Qxc5 Rxf1+ 29. Ke4 Rd8 $11) 28... Qf2+ 29. Ke4 (29. Kg4 Qxg1+ 30. Kh3 Qh1+ 31. Kg3 Qe1+ 32. Kh2 Qg1+ 33. Kh3 Qh1+ 34. Kg4 Qg1+ 35. Kh5 Qh2+ 36. Kg6 Qg1+ 37. Kf5 Kg7 $11) 29... Qd4+ 30. Kf5 Rf8+ 31. Kg6 Qxg1+ 32. Kh5 (32. Kxh6 Qh1+ 33. Kg5 Be7+ 34. Kg4 Qg2+ 35. Kh5 Qg3) 32... Qh2+ 33. Kg6 Qg1+ 34. Kh5 (34. Kxh6 Qh2+ 35. Kg5 Be7+ 36. Kg4 Qg2+ 37. Kh5 Qg3) 34... Qh2+ 35. Kg6 Qg1+ $11) 26... Rg8 27. Qxc5 Qh5+ 28. Ke4 Raf8 29. e6 {[%emt 0:01:13] Intending Be3 and mate.} Rxf5 30. Qxf5 Qxe2+ 31. Be3 Qc2+ 32. Ke5 Qxb2+ 33. Bd4 {[%emt 0:00:10] Weighted Error Value: White=0.48/Black=1.16} 1-0

[Event "Krakow Championship-A 2022"]
[Site "Krakow"]
[Date "2022.07.02"]
[Round "9.9"]
[White "Paszewski, Mateusz"]
[Black "Szustakowski, Antoni"]
[Result "1/2-1/2"]
[ECO "A06"]
[WhiteElo "2286"]
[BlackElo "2265"]
[Annotator "TA"]
[PlyCount "54"]
[EventDate "2022.06.25"]
[EventType "swiss"]
[EventCountry "POL"]
[SourceTitle "playchess.com"]
[Source "ChessBase"]
[SourceQuality "1"]
[TimeControl "40/5400+30:1800+30"]

1. Nf3 d5 2. e3 Nf6 3. c4 e6 4. Nc3 c5 5. cxd5 exd5 6. d4 Nc6 7. Bb5 a6 8. Bxc6+ bxc6 9. O-O Bd6 10. dxc5 Bxc5 11. b3 Bg4 12. Bb2 O-O 13. Ne2 Bd6 14. Ne5 {[%emt 0:36:39] D32: Tarrasch Defence: Sidelines and lines without g3.} Bxe5 15. Bxe5 Qe7 {[%emt 0:00:05] [#]} 16. Bb2 $146 {[%emt 0:02:44] White is slightly better.} ({Predecessor:} 16. Bxf6 Qxf6 17. f3 Bd7 18. Qd4 Qe7 19. Rac1 Rfe8 20. Kf2 a5 21. Rc5 h5 22. Rfc1 {½-½ (56) Howell,D (2655)-Houriez,C (2335) Novi Sad 2016}) 16... c5 17. h3 Be6 18. Nf4 Rfd8 19. Rc1 ({Reject} 19. Nxe6 Qxe6 20. Rc1 Ne4 $11) 19... Rac8 20. Qe2 Ne4 21. Rfd1 a5 22. Qh5 f5 23. Qe2 Bf7 24. Qa6 Ra8 25. Qc6 Rac8 26. Qa6 Ra8 27. Qc6 Rac8 {[%emt 0:00:04] Weighted Error Value: White=0.13 (very precise) /Black=0.08 (flawless)} 1/2-1/2

[Event "Krakow Championship-A 2022"]
[Site "Krakow"]
[Date "2022.07.02"]
[Round "9.10"]
[White "Kozak, Antoni"]
[Black "Piekielny, Pawel"]
[Result "1-0"]
[ECO "A06"]
[WhiteElo "2459"]
[BlackElo "2230"]
[Annotator "TA"]
[PlyCount "69"]
[EventDate "2022.06.25"]
[EventType "swiss"]
[EventCountry "POL"]
[SourceTitle "playchess.com"]
[Source "ChessBase"]
[SourceQuality "1"]
[TimeControl "40/5400+30:1800+30"]

1. Nf3 {[%emt 0:00:11] Paehtz,Elisabeth} d5 2. e3 Nf6 3. c4 e6 4. b3 c5 5. Bb2 Nc6 6. cxd5 Nxd5 {[%emt 0:00:06] A13: English Opening: 1...e6.} 7. Nc3 a6 {[%emt 0:01:20] Inhibits Bb5.} 8. Qc2 {[%emt 0:03:45] [#]} Ndb4 $146 {[%emt 0:07:15] [#] White has an edge.} ({Predecessor:} 8... f6 9. a3 Nxc3 10. Bxc3 e5 11. Bd3 g6 12. h4 Qe7 13. Be4 Be6 14. Qb2 Rc8 {1-0 (28) Paehtz,E (2456)-Zawadzka,J (2418) Antalya 2019 CBM 190 [Paehtz,Elisabeth]}) 9. Qb1 f6 10. a3 Nd5 11. Bd3 Nxc3 12. Bxc3 Kf7 13. h4 {[%emt 0:04:57] White is more active.} ({Wrong is} 13. Bxh7 $2 f5 14. Bxf5 exf5 $19) 13... Be7 (13... h5 $16 {was worth a try.}) 14. g4 (14. Bxh7 $18 {Black must now prevent Qg6+.} f5 15. Ng5+ Kf8 16. f4) 14... e5 $16 {[%emt 0:03:09] [#]} 15. Rg1 ({Of course not} 15. Bxh7 Rxh7 16. Qxh7 Bxg4 $14) 15... Be6 16. Bxh7 Rxh7 17. Qxh7 $18 {[%emt 0:00:47] Hoping for g5.} Qd5 (17... Qg8 $142 18. Qb1 Bd5) 18. Rg3 (18. e4 $18 Qd8 19. g5) 18... e4 $2 {[%emt 0:29:16][%mdl 8192] [#] Loses the game.} (18... Rg8 $16 19. Ng1 (19. g5 f5 $16) 19... Ke8) 19. g5 $1 {[%emt 0:00:04][%cal Og5f6] Threatens to win with gxf6!} Bf5 (19... Ke8 20. gxf6) 20. g6+ Ke8 21. Ng1 {[%emt 0:02:29] aiming for Qh8+.} Ne5 (21... Bf8 $142 22. h5 Ne7) 22. Qxg7 {[%emt 0:01:40] And now Qh8+ would win.} Kd7 23. Bxe5 Qxe5 24. Rd1 Qd5 25. h5 Qxb3 26. h6 Rg8 27. Qh7 Be6 {[%emt 0:02:04] [#]} 28. Qxg8 $3 Bxg8 29. h7 Bc4 30. h8=Q Qd3 31. Qh3+ Kc7 32. g7 Bb3 33. g8=Q Bxd1 34. Qgc8+ Kb6 35. Qhd7 {[%emt 0:00:06] Weighted Error Value: White=0.16 (very precise) /Black=0.62} 1-0

[Event "Krakow Championship-A 2022"]
[Site "Krakow"]
[Date "2022.07.02"]
[Round "9.11"]
[White "Murphy, Conor E"]
[Black "Trybus, Daniel"]
[Result "1-0"]
[ECO "E62"]
[WhiteElo "2395"]
[BlackElo "2145"]
[Annotator "TA"]
[PlyCount "121"]
[EventDate "2022.06.25"]
[EventType "swiss"]
[EventCountry "POL"]
[SourceTitle "playchess.com"]
[Source "ChessBase"]
[SourceQuality "1"]
[TimeControl "40/5400+30:1800+30"]

1. Nf3 Nf6 2. g3 g6 3. Bg2 Bg7 4. c4 O-O 5. d4 d6 6. Nc3 c6 7. O-O Qa5 8. e4 e5 9. h3 exd4 10. Nxd4 ({Much worse is} 10. Qxd4 Nd5 $1 11. Qd3 Nxc3 12. bxc3 Qxc3 13. Qxc3 Bxc3 $15) 10... Nbd7 {[%emt 0:01:40] E62: King's Indian: Fianchetto: 6...c6 and Panno Variation (6...Nc6) without ...a6.} 11. Qe2 Re8 12. Rd1 Nb6 {[%emt 0:03:51] White is slightly better.} 13. Qd3 {[%emt 0:02:27] [#]} Qc5 $146 ({Predecessor:} 13... Bd7 14. Bf4 Rad8 15. Bxd6 Bxh3 16. c5 Bxg2 17. Nb3 Qb4 18. cxb6 Bxe4 19. Bxb4 Bxd3 20. bxa7 {0-1 (102) Fridman,D (2644)-McShane,L (2661) England 2019}) 14. Nb3 (14. b3 $16) 14... Qxc4 (14... Qb4 $5 ) 15. Qxd6 Be6 (15... a5 $11) 16. Rd4 $16 Nc8 {[%emt 0:16:12] [#]} 17. Qa3 $36 {[%emt 0:04:56][%mdl 2048] Black is under strong pressure.} Bf8 18. Qa5 b6 $2 {[%emt 0:06:19][%mdl 8192] Loses the game.} (18... Qa6 $16 {was necessary.}) 19. Rxc4 (19. Qg5 $142 Qa6 20. Ra4 (20. Qxf6 Bxb3 21. Qxc6 Ne7 $16)) 19... bxa5 $18 20. Rxc6 {[%emt 0:00:15] Strongly threatening e5.} Rb8 21. Nxa5 Nd7 22. Rc7 Nc5 23. Nc6 Ra8 (23... Bd6 $142) 24. e5 Na6 25. Rb7 Nc5 26. Rb5 a6 {[%emt 0:03:12] [#]} 27. Rxc5 Bxc5 28. Ne4 Be7 29. Nxe7+ Nxe7 30. Nf6+ Kg7 31. Nxe8+ Rxe8 32. Bg5 Nd5 33. Rd1 Nb6 34. b3 a5 35. Bd8 Nd7 36. Bxa5 Nxe5 37. f4 Nd7 38. Bc6 Re7 39. Bb4 Re8 40. Rxd7 ({Less strong is} 40. Bxd7 Rd8 41. Bc3+ Kf8 $16) 40... Bxd7 41. Bxd7 {[%emt 0:30:06] A strong pair of Bishops.} Re2 42. a4 {[%emt 0:01:12] Black must now prevent a5.} Re3 43. Kf2 Rxb3 44. Be1 Kf6 45. a5 Ke7 46. Ba4 Rb2+ 47. Kf3 {[%emt 0:00:00] a6 is the strong threat.} Kd6 48. Bc3 {[%emt 0:00:00] White wants to mate with Be5+.} Rb7 49. Bd1 Kc5 50. Kf2 Kc4 51. Bf6 Kb5 52. Bd8 {[%emt 0:00:00] Hoping for Be2+.} Rd7 53. Be2+ Kc6 54. Bb6 {[%emt 0:00:00] Threatens to win with Be3.} Kb7 55. Be3 {[%emt 0:00:00] aiming for a6+.} f6 56. a6+ {[%emt 0:00:00][%cal Ba5a6,Ba6a7][%mdl 32] White mates.} Kb8 57. h4 h6 58. g4 g5 59. hxg5 hxg5 60. fxg5 fxg5 61. a7+ {[%emt 0:00:00] Weighted Error Value: White=0.19 (very precise) /Black=0.50} 1-0